 Dungeon Crawl Stone Soup version 0.31-a0-229-g1fc7ce93e2 (webtiles) character file.

Game seed: 11517452642012889667

64 qw the Shooter (level 4, -15/27 HPs)
             Began as a Gargoyle Hexslinger on July 6, 2023.
             Demolished by Menkaure (18 damage)
             ... on level 4 of the Dungeon.
             The game lasted 00:00:35 (2549 turns).

qw the Shooter (Gargoyle Hexslinger)                Turns: 2549, Time: 00:00:36

Health: -15/27     AC:  7    Str: 12    XL:     4   Next: 12%
Magic:  5/5        EV: 11    Int: 13    God:
Gold:   127        SH:  0    Dex: 14    Spells: 4/5 levels left

rFire   . . .        Y - +1 sling
rCold   . . .        (no shield)
rNeg    + . .        i - +0 leather armour {Will+}
rPois   inf          (no helmet)
rElec   +            (no cloak)
rCorr   .            (no gloves)
SInv    .            d - +0 pair of boots
Will    +....        (no amulet)
Stlth   +            (no ring)
HPRegen 0.24/turn    (no ring)
MPRegen 0.09/turn

%: no passive effects
@: no status effects
A: sickness immunity, AC +3, negative energy resistance 1, electricity
resistance, torment resistance 1, petrification resistance
a: no special abilities


You were on level 4 of the Dungeon.
You visited 1 branch of the dungeon, and saw 4 of its levels.

You collected 166 gold pieces.
You spent 39 gold pieces at shops.


Innate Abilities, Weirdness & Mutations

You are immune to sickness and miasma.
Your stone body is resilient. (AC +3)
You are immune to poison.
You resist negative energy. (rN+)
You are resistant to electric shocks. (rElec)
You are resistant to unholy torment.
You are immune to petrification.


   Skills:
 - Level 2.3 Fighting
 + Level 3.7 Ranged Weapons
 - Level 1.5 Dodging
 - Level 1.0 Spellcasting
 - Level 2.6 Hexes


You had 4 spell levels left.
You knew the following spells:

 Your Spells              Type           Power      Damage    Failure   Level
a - Slow                  Hex            28%        N/A       12%         1

Your spell library contained the following spells:

 Spells                   Type           Power      Damage    Failure   Level
 Inner Flame              Hex/Fire       4%         N/A       52%         3
 Portal Projectile        Hex/Tloc       8%         N/A       52%         3
 Cause Fear               Hex            3%         N/A       75%         4

Inventory:

Hand Weapons
 Y - a +1 sling (weapon)
Armour
 d - a +0 pair of boots (worn)
 h - a +0 ring mail
 i - a +0 leather armour of willpower (worn)
Scrolls
 a - a scroll of identify
Potions
 c - a potion of mutation {unknown}
 e - 2 potions of curing
 f - a potion of haste {unknown}

Dungeon Overview and Level Annotations

Branches:
Dungeon (4/15)
 Temple: D:4-7

Altars:

Shops:
D:2 !

Annotations:
D:4 Menkaure


Message History

You shoot a sling bullet. The sling bullet hits the gnoll!
The gnoll is almost dead.
The gnoll closely misses you. The gnoll barely misses you.
The gnoll hits you from afar with a +0 halberd.
You shoot a sling bullet.
The sling bullet barely misses the gnoll.
The sling bullet hits the gnoll.
The gnoll is moderately wounded.
The gnoll closely misses you. The gnoll hits you with a +0 whip.
You shoot a sling bullet. The sling bullet hits the gnoll.
You kill the gnoll!
The gnoll closely misses you.
You have reached level 4!
You feel stronger.
You shoot a sling bullet.
The sling bullet barely misses Menkaure.
The sling bullet closely misses the gnoll.
The gnoll closely misses you. Menkaure barely misses you.
The gnoll barely misses you.
You shoot a sling bullet. The sling bullet hits Menkaure.
Menkaure is moderately damaged.
The gnoll hits you from afar with a +0 halberd.
Menkaure hits you! The gnoll hits you with a +0 club.
The gnoll closely misses you.
You shoot a sling bullet.
The sling bullet barely misses Menkaure.
The sling bullet completely misses the gnoll.
Menkaure calls on the powers of darkness!
The gnoll convulses!
The gnoll bouda convulses!
You feel a surge of unholy energy.
The gnoll convulses!
The gnoll misses you.
You shoot a sling bullet.
The sling bullet closely misses Menkaure.
The sling bullet barely misses the gnoll bouda.
The gnoll is no longer moving quickly.
The gnoll hits you but does no damage.
Menkaure giggles, "These cerements are ticklish..."
Menkaure completely misses you. The gnoll barely misses you. x2
You shoot a sling bullet. The sling bullet hits the gnoll bouda.
The gnoll bouda is almost dead.
Menkaure hits you!!
Ouch! That really hurt!
You die...

########## # #
#...........#
#.#.###.#######...#
#......<#.......#
###.#...#.#@g#..#
..........#Mg...#
....#.....g...#.#
###########.#.# #
....# #.#.# ....#
#.. #


You could see Menkaure, a gnoll bouda and 2 gnolls.

Vanquished Creatures
  A gnoll (D:4)
  2 adders
  5 bats
  3 endoplasms
  A giant cockroach (D:3)
  5 goblins
  3 hobgoblins
  4 kobolds
  3 quokkas
  3 ball pythons
  A frilled lizard (D:3)
  3 rats
34 creatures vanquished.

Notes
Turn   | Place    | Note
-------+----------+-------------------------------------------
     0 | D:1      | qw the Gargoyle Hexslinger began the quest for the Orb.
     0 | D:1      | Reached XP level 1. HP: 12/12 MP: 2/2
     0 | D:1      | 0 ||| qw: Version: 0.3-a-46-gb1f654a
     0 | D:1      | 0 ||| qw: Game counter: 1376
     0 | D:1      | 0 ||| qw: Melee chars always use a shield: true
     0 | D:1      | 0 ||| qw: God list: Okawaru
     0 | D:1      | 0 ||| qw: Allow faded altars: false
     0 | D:1      | 0 ||| qw: Do Orc after clearing Dungeon:15 true
     0 | D:1      | 0 ||| qw: Do second Lair branch before Depths: true
     0 | D:1      | 0 ||| qw: Lair rune preference: random
     0 | D:1      | 0 ||| qw: Goals: Normal
     0 | D:1      | 0 ||| PLANNING D:1-11
   656 | D:1      | HP: 3/12 [quokka (3)]
   658 | D:1      | Reached XP level 2. HP: 5/16 MP: 3/3
  1088 | D:1      | 1088 ||| UPGRADING to +0 pair of boots.
  1093 | D:1      | 1093 ||| READING 3 scrolls labelled MORIPI ENLYA.
  1094 | D:1      | 1094 ||| READING scroll labelled ZEELOAMIOS.
  1095 | D:1      | 1095 ||| DRINKING 2 bubbling pink potions.
  1096 | D:1      | 1096 ||| DROPPING scroll of poison.
  1097 | D:1      | 1097 ||| DROPPING potion of magic.
  1166 | D:2      | Reached skill level 3 in Ranged Weapons
  1182 | D:2      | Found Bulliu Heil's Distillery.
  1194 | D:2      | 1194 ||| BUYING potion of curing (39 gold).
  1194 | D:2      | Bought a potion of curing for 39 gold pieces
  1194 | D:2      | 1194 ||| SHOPLISTING potion of enlightenment (65 gold, have
                  | 7).
  1194 | D:2      | 1194 ||| SHOPLISTING potion of heal wounds (65 gold, have
                  | 7).
  1194 | D:2      | 1194 ||| SHOPLISTING potion of mutation (104 gold, have 7).
  1308 | D:2      | Reached XP level 3. HP: 22/22 MP: 4/4
  1575 | D:2      | 1575 ||| UPGRADING to +0 leather armour.
  1585 | D:2      | 1585 ||| DROPPING +0 robe.
  1586 | D:2      | 1586 ||| READING 2 scrolls labelled CAEPLA BYITHILEUC.
  1587 | D:2      | 1587 ||| READING 2 scrolls of identify.
  1587 | D:2      | 1587 ||| IDENTIFYING fizzy inky potion
  1588 | D:2      | 1588 ||| DROPPING scroll of fog.
  1589 | D:2      | 1589 ||| DROPPING potion of brilliance.
  2474 | D:3      | 2474 ||| UPGRADING to +0 ring mail.
  2484 | D:3      | 2484 ||| DROPPING +0 leather armour.
  2485 | D:3      | 2485 ||| UPGRADING to +0 leather armour of willpower.
  2495 | D:3      | 2495 ||| READING scroll labelled LEDWAD GONKUM.
  2538 | D:4      | Noticed Menkaure
  2545 | D:4      | Reached XP level 4. HP: 12/27 MP: 5/5
  2546 | D:4      | HP: 3/27 [Menkaure (7)]
  2549 | D:4      | Demolished by Menkaure

Levels and vault maps discovered:
D:1:      elethiomel_arrival_maze, layout_loops_corners
D:2:      layout_rooms, serial_shops, shop, shapermc_ecumenical_altar_petra
D:3:      layout_basic
D:4:      layout_basic, kennysheep_little_box, minmay_box_of_dots,
          uniq_menkaure, uniq_eustachio

Skill      XL: |  1  2 |
---------------+-------+-----
Ranged Weapons | 3 |  3.7
Fighting       | 2 |  2.3
Dodging        | |  1.5
Spellcasting   | |  1.0
Hexes          | |  2.6

Action                     |  1- 3 |  4- 6 || total
---------------------------+-------+-------++-------
   Fire: Sling             |   114 |     5 ||   119
    Use: Scroll            |     5 |       ||     5
         Potion            |     1 |       ||     1
 Armour: Robe              |     9 |       ||     9
         Leather armour    |    12 |     1 ||    13
  Dodge: Dodged            |    35 |     8 ||    43

Table legend:
 A = Non-vault XP
 B = Vault XP
 C = Vault XP percentage of total XP
 D = Non-vault monster count
 E = Vault monster count
 F = Vault count percentage of total count
                 A         B        C        D         E       F
            +---------+---------+-------+---------+---------+-------
      Total |      92 |       0 |   0.0 |      34 |       0 |   0.0
            +---------+---------+-------+---------+---------+-------
        D:1 |      16 |       0 |   0.0 |       9 |       0 |   0.0
        D:2 |      30 |       0 |   0.0 |      11 |       0 |   0.0
        D:3 |      31 |       0 |   0.0 |      12 |       0 |   0.0
        D:4 |      15 |       0 |   0.0 |       2 |       0 |   0.0
            +---------+---------+-------+---------+---------+-------
